 Dungeon Crawl Stone Soup version 0.18.1-8-gdd0e5ea (webtiles) character file.

144 M4edhros the Sneak (level 5, 0/49 HPs)
             Began as an Octopode Artificer on June 7, 2016.
             Succumbed to Edmund's poison
             ... on level 4 of the Dungeon.
             The game lasted 00:02:11 (2400 turns).

M4edhros the Sneak (Octopode Artificer)             Turns: 2400, Time: 00:02:12

Health: 0/49       AC: 22    Str: 10    XL:     5   Next: 26%
Magic:  7/7        EV:  2    Int: 20    God:
Gold:   144        SH:  0    Dex: 18    Spells: 0 memorised, 4 levels left

rFire  . . .     SeeInvis .     a - +1 short sword
rCold  . . .     Gourm    .     (no shield)
rNeg   + + +     Faith    .     (helmet currently unavailable)
rPois  +         Spirit   .     (no amulet)
rElec  .         Dismiss  .     (no ring)
rCorr  .         Reflect  .     (no ring)
SustAt .         Harm     .     (no ring)
MR     .....     NoTele   +     (no ring)
Stlth  ++++++....               (no ring)
                                (no ring)
                                (no ring)
                                (no ring)

@: brilliant, agile, lethally poisoned (0 -> -3), tree-form, not resistant to
hostile enchantments, very stealthy
A: almost no armour, (amphibious), 8 rings, (constrict 8), (camouflage 0),
(gelatinous body 0)
a: no special abilities


You were on level 4 of the Dungeon.
You were hungry.
You were a tree.
You visited 1 branch of the dungeon, and saw 4 of its levels.

You collected 144 gold pieces.

Inventory:

Hand Weapons
 a - a +1 short sword (weapon)
Wands
 b - a wand of flame (15/48)
 c - a wand of enslavement (13/24)
 d - a wand of random effects (15/48)
Scrolls
 e - a scroll of remove curse
 g - a scroll of magic mapping
 i - 2 scrolls of amnesia
 l - 2 scrolls of teleportation
 o - a scroll of blinking
Potions
 h - 2 potions of agility
Comestibles
 f - 3 bread rations
 j - a meat ration
 p - 6 fruits
 q - a slice of pizza


   Skills:
 - Level 1.0 Fighting
 - Level 1.0 Short Blades
 - Level 2.0 Dodging
 + Level 7.1 Stealth
 - Level 3.2 Evocations


You had 4 spell levels left.
You didn't know any spells.

Dungeon Overview and Level Annotations

Branches:
Dungeon (4/15)
 Temple: D:4-7

Altars:
Nemelex Xobeh
Ru

Annotations:
D:3 Sigmund
D:4 Edmund


Innate Abilities, Weirdness & Mutations

You cannot wear most types of armour.
((You are amphibious.))
You can wear up to eight rings at the same time.
((You can use your tentacles to constrict eight enemies at once.))
((Your skin changes colour to match your surroundings (Stealth).))
((Your rubbery body absorbs attacks (AC +1).))


Message History

Unknown command.
Read which item? (? for menu, Esc to quit)
None of your equipped items are cursed.
Unknown command.
Unknown command.
* * * LOW HITPOINT WARNING * * *
You feel sick.
* * * LOW HITPOINT WARNING * * *
You feel sick.
* * * LOW HITPOINT WARNING * * *
You feel sick.
* * * LOW HITPOINT WARNING * * *
You feel sick.
* * * LOW HITPOINT WARNING * * *
You feel sick.
* * * LOW HITPOINT WARNING * * *
You feel sick.
* * * LOW HITPOINT WARNING * * *
You feel sick.
You die...

..>....#**,,,,,,,,**,,,,* *,*,*,*
...###.# #.....,,,**,,,,* *,*,*,*
.### *,# #......,,**,,,,* *,*,*,*
.# *,* #......,,**,,,,* *,*,*,*
.# *,* *#....#****,,,,***,*,*,*
.# *,* #....# *,,,,,,*,*,*,*
.#####.# #....# ******,*,*,*,*
.......####....#########*,*,*,*,*
................♣..@.[..,,*,*,*'*
.......####....#########***,,,,,,
.......# #........# *,,,,,<
.......# #........# *,,,,,,
.......# #........# *,,,,,,
....#######........# *,,,,,,
....# #............# *,,,,,,
....# #............# *,,,,,,
....# #........##### *,,,,,,


You could see the friendly Edmund (wandering).

Vanquished Creatures
  A hound (D:4)
  An orc wizard (D:4)
  2 adders
  An adder skeleton (D:4)
  A worm (D:2)
  2 dart slugs (D:1)
  3 giant geckos
  5 orcs
  A ball python (D:2)
  2 giant cockroaches (D:1)
  3 goblins (D:1)
  6 hobgoblins
  6 kobolds
  4 bats
  2 giant newts
  9 rats
49 creatures vanquished.

Notes
Turn   | Place    | Note
--------------------------------------------------------------
     0 | D:1      | M4edhros the Octopode Artificer began the quest for the Orb.
     0 | D:1      | Reached XP level 1. HP: 13/13 MP: 3/3
    50 | D:1      | Reached skill level 2 in Stealth
   228 | D:1      | Reached skill level 3 in Stealth
   228 | D:1      | Reached XP level 2. HP: 18/18 MP: 4/4
   724 | D:1      | Reached skill level 4 in Stealth
   854 | D:1      | Reached XP level 3. HP: 23/23 MP: 5/5
  1332 | D:2      | Found a sparkling altar of Nemelex Xobeh.
  1415 | D:2      | Reached skill level 5 in Stealth
  1502 | D:2      | Reached XP level 4. HP: 28/28 MP: 6/6
  2061 | D:3      | Noticed Sigmund
  2095 | D:4      | Reached skill level 6 in Stealth
  2208 | D:4      | Found a sacrificial altar of Ru.
  2218 | D:4      | Reached skill level 7 in Stealth
  2218 | D:4      | Reached XP level 5. HP: 21/33 MP: 7/7
  2369 | D:4      | Noticed Edmund
  2394 | D:4      | HP: 2/49 [poisoned by Edmund]
  2400 | D:4      | Succumbed to Edmund's poison

Skill      XL: |  1  2  3  4 |
---------------+-------------+-----
Stealth        | 3 4 5 7 |  7.1
Fighting       | |  1.0
Short Blades   | |  1.0
Dodging        | |  2.0
Evocations     | |  3.2

Action                   |  1- 3 |  4- 6 || total
-------------------------+-------+-------++-------
Melee: Short sword       |    75 |    32 ||   107
       Constrict         |    18 |    13 ||    31
       Tentacles         |    12 |     5 ||    17
Evoke: Wand              |       |     2 ||     2
  Use: Scroll            |       |     7 ||     7
       Potion            |       |     4 ||     4
 Stab: Sleeping          |    10 |     2 ||    12
  Eat: Chunk             |     1 |     3 ||     4
Armor: Skin              |     6 |     2 ||     8
Dodge: Dodged            |    48 |    22 ||    70
